 Dungeon Crawl Stone Soup version 0.30-a0-269-gf0224bf7b6 (webtiles) character file.

Game seed: 5087986776565920796

63 Lanoc the Trooper (level 3, -3/33 HPs)
             Began as a Minotaur Fighter on Oct 15, 2022.
             Killed from afar by Natasha (14 damage)
             ... with a bolt of light
             ... on level 2 of the Dungeon.
             The game lasted 00:01:57 (901 turns).

Lanoc the Trooper (Minotaur Fighter)                 Turns: 901, Time: 00:01:58

Health: -3/33      AC: 10    Str: 26    XL:     3   Next: 89%
Magic:  2/2        EV: 10    Int:  5    God:
Gold:   91         SH:  0    Dex: 11    Spells: 2/2 levels left

rFire   . . .      SeeInvis .    a - +0 long sword
rCold   . . .      Faith    .    c - +0 buckler
rNeg    . . .      Spirit   .    b - +0 scale mail
rPois   .          Reflect  .    (helmet restricted)
rElec   .          Harm     .    e - +2 cloak {rCorr}
rCorr   +          Rampage  .    (no gloves)
Will    .....                    (no boots)
Stlth   ..........               (no amulet)
HPRegen 0.25/turn                g - +6 ring of strength
MPRegen 0.08/turn                (no ring)

@: confused
A: horns 2, retaliatory headbutt
a: no special abilities


You were on level 2 of the Dungeon.
You visited 1 branch of the dungeon, and saw 2 of its levels.

You collected 91 gold pieces.

Inventory:

Hand Weapons
 a - a +0 long sword (weapon)
Armour
 b - a +0 scale mail (worn)
 c - a +0 buckler (worn)
 e - a +2 cloak of preservation (worn)
Jewellery
 g - a +6 ring of strength (left hand)
Scrolls
 f - a scroll of enchant armour {unknown}
 h - a scroll of butterflies {unknown}
 j - a scroll of identify {unknown}
 k - a scroll of blinking {unknown}
 l - 2 scrolls of enchant weapon {unknown}
 p - a scroll of brand weapon {unknown}
 q - a scroll of amnesia {unknown}
Potions
 d - a potion of might
 i - 2 potions of heal wounds {unknown}
 m - a potion of berserk rage {unknown}
 n - a potion of lignification {unknown}
 o - a potion of curing {unknown}


   Skills:
 + Level 4.2 Fighting
 * Level 3.5 Long Blades
 + Level 4.2 Armour
 + Level 1.0 Dodging
 - Level 4.0 Shields


You had 2 spell levels left.
You didn't know any spells.
Your spell library was empty.

Dungeon Overview and Level Annotations

Branches:
Dungeon (2/15)

Altars:

Annotations:
D:2 Natasha


Innate Abilities, Weirdness & Mutations

You have a pair of horns on your head.
You reflexively headbutt those who attack you in melee.


Message History

You slash the hobgoblin!
You kill the hobgoblin!
No target in view!
No target in view!
No target in view!
No target in view!
No target in view!
No target in view!
No target in view!
No target in view!
No target in view!
No target in view!
q - a scroll labelled OXIKIAT DAEDIE
l - 2 scrolls labelled TURIELL DITE (gained 1)
There is an open door here.
Jessica the Apprentice Sorceress comes into view.
She is wielding a +0 club and carrying a wand of flame (13).
Jessica shouts!
Jessica gestures wildly while chanting.
Jessica blinks!
You slash Jessica! Your headbutt misses Jessica.
Jessica is severely wounded.
Natasha, Servant of Life and Death comes into view.
She is carrying a wand of light (11).
Jessica hits you with a +0 club.
You hit Jessica. You headbutt Jessica.
You kill Jessica!
Your Dodging skill increases to level 1!
Natasha stares at you and mumbles some strange words.
You resist with significant effort.
Natasha zaps a wand.
The bolt of light hits you!!
Ouch! That really hurt!
You are too injured to fight recklessly!
You are too injured to fight recklessly!
You are too injured to fight recklessly!
You are too injured to fight recklessly!
You are too injured to fight recklessly!
You are too injured to fight recklessly!
Found a scroll labelled UPUNIKAXUR.
Natasha zaps a wand.
The bolt of light hits you!
You are confused.
You die...

......... ....?....
......... . .##.......
#..#.###. .. .........##
#..#.# #. ..
........##.#<.#.# #. .
#.##.....# #.#..#.###.
..........###..........
..#.##..........†.#.###.
.....h.@...# #.......
..#.##.....#######..##..
..............#.......>.
..#.##...).##.#.##..###.
... #.....##...........
..#..#.....##....#..###.
. .........##....#..###.
.........'........##.
##.......##....#......


You could see Natasha.

Vanquished Creatures
  Jessica (D:2)
  2 worms (D:2)
  A dart slug (D:1)
  2 ball pythons
  4 endoplasms
  4 goblins
  3 hobgoblins (D:2)
  3 jackals (D:2)
  A kobold (D:2)
  A quokka (D:2)
  A bat (D:2)
  A frilled lizard (D:1)
  3 rats
27 creatures vanquished.

Notes
Turn   | Place    | Note
-------+----------+-------------------------------------------
     0 | D:1      | Lanoc the Minotaur Fighter began the quest for the Orb.
     0 | D:1      | Reached XP level 1. HP: 19/19 MP: 0/0
   251 | D:1      | Reached XP level 2. HP: 27/27 MP: 1/1
   570 | D:2      | Reached XP level 3. HP: 33/33 MP: 2/2
   894 | D:2      | Noticed Jessica
   897 | D:2      | Noticed Natasha
   898 | D:2      | Killed Jessica
   899 | D:2      | Reached skill level 1 in Dodging
   901 | D:2      | Killed from afar by Natasha

Illustrated notes

Levels and vault maps discovered:
D:1:      scummos_arrival_gate, layout_rooms
D:2:      layout_basic, uniq_natasha, uniq_jessica

Skill      XL: |  1  2  3 |
---------------+----------+-----
Armour         | 4 |  4.2
Shields        | 4 |  4.0
Long Blades    | 3 |  3.5
Fighting       | 4 |  4.2
Dodging        | 1 |  1.0

Action                   || total
-------------------------++-------
Melee: Long sword        ||    60
       Headbutt          ||     9
Armor: Scale mail        ||    18
Dodge: Dodged            ||    28
Block: Buckler           ||    11

Table legend: (Time is in decaauts)
 A = Elapsed time spent in this place.
 B = Non-inter-level travel time spent in this place.
 C = Inter-level travel time spent in this place.
 D = Time resting spent in this place.
 E = Time spent auto-exploring this place.
 F = Levels seen in this place.
 G = Mean time per level.
                   A        B        C        D        E       F      G
               +--------+--------+--------+--------+--------+-----+--------+
         Total |    918 |    900 |     18 |      0 |    719 |   2 |  459.0 |
       Dungeon |    918 |    900 |     18 |      0 |    719 |   2 |  459.0 |
               +--------+--------+--------+--------+--------+-----+--------+

Top non-repeatable levels by time:
     D:2: 545 daAuts
     D:1: 373 daAuts
